[Event "Titled Tuesday Blitz April 25 Early 2023"]
[White "Kleiman, Jake"]
[Black "Shomoev, Anton"]
[WhiteFideId "2020041"]
[BlackFideId "4135148"]
[WhiteElo "2532"]
[BlackElo "2451"]
[Result "1-0"]
[Round "06"]
[TimeControl "180+2"]
[Date "2023.04.25"]
[WhiteClock "0:00:16"]
[BlackClock "0:00:10"]

1. e4 c5 2. c3 d5 3. exd5 Qxd5 4. d4 Nf6 5. Nf3 Bg4 6. Nbd2 cxd4 7. Bc4 Bxf3 8. Bxd5 Bxd1 9. Bxb7 Bg4 10. cxd4 e6 11. Bxa8 Bb4 12. O-O Ke7 13. a3 Bd6 14. Re1 Nbd7 15. Bf3 Bxf3 16. Nxf3 Nd5 17. Bd2 Rb8 18. b4 N7b6 19. Rec1 Kd7 20. Rc2 f6 21. Ne1 Ne7 22. Kf1 Nf5 23. Be3 Nd5 24. Ke2 Bxh2 25. Nd3 Bd6 26. Nc5+ Bxc5 27. Rxc5 h5 28. b5 Nd6 29. a4 Rb7 30. Rac1 Nb6 31. Ra1 Nd5 32. Bd2 Ne4 33. Rc6 h4 34. Rac1 g5 35. Ba5 Nd6 36. R1c5 Nf5 37. Kd3 Nf4+ 38. Ke4 Nd6+ 39. Ke3 Nxg2+ 40. Kf3 Nf4 41. Rc7+ Rxc7 42. Rxc7+ Ke8 43. Rxa7 Nd5 44. Rh7 Nf5 45. Ke4 Nd6+ 46. Kd3 Nf4+ 47. Kd2 Ne4+ 48. Ke3 f5 49. b6 Nd6 50. b7 Nxb7 51. Rxb7 Nd5+ 52. Kd2 g4 53. Rh7 h3 54. Bc3 Kd8 55. a5 Kc8 56. a6 Kb8 57. Ba5 Nf6 58. Rh6 Ne4+ 59. Ke3 Ka7 60. Rxe6 g3 61. fxg3 h2 62. Rh6 Nxg3 63. Bc7 h1=Q 64. Rxh1 Nxh1 65. Kf3 Kxa6 66. Kg2 Kb5 67. Kxh1 Kc4 68. Be5 Kd5 69. Kg2 Ke4 70. Kf2 f4 71. Ke2 Kd5 72. Kf3 Kc4 73. Kxf4 Kd5 74. Kf5 Kc6 75. Ke6 Kb7 76. d5 Kc8 77. Ke7 Kb7 78. d6 Kb6 79. d7 Kc5 80. d8=Q Kc4 81. Qd6 1-0


[Site "https://www.chess.com"]

[Event "Titled Tuesday Blitz April 25 Early 2023"]
[White "Kushko, Dmitriy"]
[Black "Herman, Daniel"]
[WhiteFideId "14162261"]
[BlackFideId "30935008"]
[WhiteElo "2230"]
[BlackElo "1897"]
[Result "1-0"]
[Round "06"]
[TimeControl "180+2"]
[Date "2023.04.25"]
[WhiteClock "0:00:19"]
[BlackClock "0:00:04"]

1. f4 Nh6 2. Nf3 d5 3. g3 g6 4. Bg2 Bg7 5. O-O O-O 6. d3 Nf5 7. e4 dxe4 8. dxe4 Qxd1 9. Rxd1 Nd6 10. e5 Ne4 11. Na3 Na6 12. Be3 Be6 13. Nd4 Nec5 14. Nxe6 fxe6 15. b4 Na4 16. Bxb7 Nxb4 17. Bxa8 Rxa8 18. Bd2 Nc6 19. Be1 g5 20. Nb5 gxf4 21. gxf4 Kf7 22. Rab1 Bh6 23. Bg3 Rg8 24. Rb3 a6 25. Nxc7 Rc8 26. Nxa6 Na5 27. Ra3 Nc3 28. Re1 Nb7 29. Rb3 Na5 30. Rb4 Nd5 31. Ra4 Nc4 32. f5 exf5 33. e6+ Kg6 34. Nc7 Nde3 35. Ra7 f4 36. Bf2 Nf5 37. Nd5 Ncd6 38. Nxe7+ Nxe7 39. Rxe7 Nf5 40. Rd7 Rxc2 41. e7 f3 42. e8=Q+ 1-0


[Site "https://www.chess.com"]

[Event "Titled Tuesday Blitz April 25 Early 2023"]
[White "Bagrationi, Alexander"]
[Black "Sieciechowicz, Marcin"]
[WhiteFideId "14104954"]
[BlackFideId "1130170"]
[WhiteElo "2398"]
[BlackElo "2302"]
[Result "1-0"]
[Round "06"]
[TimeControl "180+2"]
[Date "2023.04.25"]
[WhiteClock "0:00:08"]
[BlackClock "0:00:48"]

1. e4 e6 2. d4 d5 3. e5 c5 4. c3 Qb6 5. Nf3 Nc6 6. a3 c4 7. Nbd2 Na5 8. b4 cxb3 9. Rb1 Bd7 10. c4 Ba4 11. Bb2 Ne7 12. c5 Qc7 13. Bd3 Nec6 14. O-O Be7 15. h4 O-O-O 16. g3 f6 17. exf6 Bxf6 18. Re1 Rde8 19. Bf1 Kb8 20. Ne5 Nxe5 21. dxe5 Be7 22. Qg4 Bxc5 23. Qxa4 Ref8 24. Bd4 Bxd4 25. Qxd4 Nc6 26. Qe3 d4 27. Qe4 Rf5 28. f4 g5 29. hxg5 h6 30. Bh3 Rff8 31. g6 h5 32. Rxb3 h4 33. Bxe6 hxg3 34. Rxg3 d3 35. g7 Rfg8 36. gxh8=Q Rxh8 37. Bh3 a6 38. Rb1 Ka8 39. Bg2 Rb8 40. Rg6 Na5 41. Rxa6# 1-0


[Site "https://www.chess.com"]

[Event "Titled Tuesday Blitz April 25 Early 2023"]
[White "WindWhistler11"]
[Black "Harshavardhan G B"]
[BlackFideId "25059009"]
[WhiteElo "2495"]
[BlackElo "2323"]
[Result "1-0"]
[Round "06"]
[TimeControl "180+2"]
[Date "2023.04.25"]
[WhiteClock "0:00:04"]
[BlackClock "0:00:09"]

1. Nf3 Nf6 2. g3 g6 3. Bg2 Bg7 4. b3 O-O 5. Bb2 d6 6. d4 Nbd7 7. O-O e5 8. Nbd2 e4 9. Ng5 d5 10. c4 c6 11. f3 Ng4 12. Nxf7 Rxf7 13. fxg4 Nf6 14. h3 Bh6 15. Rf4 Bxf4 16. gxf4 Bxg4 17. hxg4 Nxg4 18. Nf1 Qh4 19. Qe1 Qxe1 20. Rxe1 Rxf4 21. Bc1 Rff8 22. Bh3 Nf6 23. Bh6 Rfe8 24. Bg5 Kg7 25. Ne3 dxc4 26. Nxc4 Nd5 27. Nd6 Rf8 28. Nxe4 h6 29. Bd2 Nf4 30. Bf1 g5 31. Nc5 Rae8 32. e3 Nd5 33. Nxb7 g4 34. Bg2 h5 35. Nd6 Re6 36. Ne4 h4 37. Nc5 Re7 38. e4 Nf4 39. Bc3 Nxg2 40. Kxg2 h3+ 41. Kg3 Rf3+ 42. Kxg4 Rxc3 43. e5 h2 44. Rh1 Rc2 45. Nd3 Rxa2 46. Nf4 Rd7 47. Kf5 Rxd4 48. Ne6+ Kf7 49. Nxd4 c5 50. e6+ Ke7 51. Nc6+ Kd6 52. e7 Rf2+ 53. Kg6 Kd7 54. Ne5+ Kxe7 55. Nc4 Kd7 56. Kg5 Kc6 57. Kg4 Kb5 58. Kg3 Rc2 59. Na3+ 1-0


[Site "https://www.chess.com"]

[Event "Titled Tuesday Blitz April 25 Early 2023"]
[White "Goldin, Roman"]
[Black "Weetik, Vjacheslav"]
[WhiteFideId "2803860"]
[BlackFideId "4153472"]
[WhiteElo "2312"]
[BlackElo "2469"]
[Result "0-1"]
[Round "06"]
[TimeControl "180+2"]
[Date "2023.04.25"]
[WhiteClock "0:00:14"]
[BlackClock "0:00:25"]

1. e4 c6 2. d4 d5 3. Nd2 dxe4 4. Nxe4 Bf5 5. Ng3 Bg6 6. Bc4 e6 7. Nf3 Nd7 8. Qe2 Ngf6 9. h4 h6 10. Ne5 Nxe5 11. dxe5 Nd5 12. h5 Bh7 13. Bd2 Bxc2 14. Bxh6 gxh6 15. Qxc2 Qa5+ 16. Kf1 O-O-O 17. Ne4 Be7 18. Rc1 Kb8 19. a3 Rhg8 20. Rh3 Nb6 21. f4 Rd4 22. b4 Qa4 23. Bb3 Qxa3 24. Bxe6 Qxb4 25. Bxf7 Rf8 26. Rb3 Qa4 27. Nc3 Rxf4+ 28. Kg1 Qd4+ 0-1


[Site "https://www.chess.com"]

[Event "Titled Tuesday Blitz April 25 Early 2023"]
[White "Akylbek2021"]
[Black "Kollars, Dmitrij"]
[BlackFideId "12909572"]
[WhiteElo "2486"]
[BlackElo "2584"]
[Result "0-1"]
[Round "06"]
[TimeControl "180+2"]
[Date "2023.04.25"]
[WhiteClock "0:00:17"]
[BlackClock "0:01:30"]

1. e4 c5 2. Nf3 d6 3. Nc3 Nf6 4. e5 dxe5 5. Nxe5 a6 6. g3 Qd6 7. Nf3 Nc6 8. Bg2 g6 9. O-O Bg7 10. d3 O-O 11. Nd2 Bg4 12. Nc4 Qd7 13. Qd2 Rad8 14. Ne3 Bh3 15. Re1 Bxg2 16. Kxg2 Nd4 17. Ne4 Qc6 18. f3 Nxf3 19. Kxf3 Nxe4 20. Qg2 Qf6+ 21. Ke2 Nd6 22. Bd2 Qxb2 23. Rab1 Qxa2 24. Qd5 Qxd5 25. Nxd5 Nf5 26. c4 b5 27. Kd1 e6 28. Nf4 g5 29. Nh5 Rxd3 30. Kc2 bxc4 31. Nxg7 Nd4+ 32. Kc1 Kxg7 33. Bxg5 Nf3 34. Bf4 Nxe1 0-1


[Site "https://www.chess.com"]

[Event "Titled Tuesday Blitz April 25 Early 2023"]
[White "Eljanov, Pavel"]
[Black "Panesso Rivera, Henry"]
[WhiteFideId "14102951"]
[BlackFideId "4402707"]
[WhiteElo "2598"]
[BlackElo "2345"]
[Result "1-0"]
[Round "06"]
[TimeControl "180+2"]
[Date "2023.04.25"]
[WhiteClock "0:01:37"]
[BlackClock "0:01:35"]

1. e4 d6 2. d4 Nf6 3. Nc3 g6 4. h4 c6 5. Be2 h5 6. a4 a5 7. Nf3 Bg7 8. Ng5 Qb6 9. O-O Ng4 10. Be3 Nxe3 11. fxe3 Bf6 12. Bc4 Be6 13. Nxe6 fxe6 14. Bxe6 Qxb2 15. Qd3 Qb6 16. Rab1 Qc7 17. e5 Bxh4 18. Qxg6+ Kd8 19. Qxh5 1-0


[Site "https://www.chess.com"]

[Event "Titled Tuesday Blitz April 25 Early 2023"]
[White "Kramnik, Vladimir"]
[Black "Martinez Ramirez, Lennis"]
[WhiteFideId "4101588"]
[BlackFideId "3509079"]
[WhiteElo "2712"]
[BlackElo "2410"]
[Result "0-1"]
[Round "06"]
[TimeControl "180+2"]
[Date "2023.04.25"]
[WhiteClock "0:00:40"]
[BlackClock "0:00:29"]

1. d4 e6 2. e4 d5 3. exd5 exd5 4. Nf3 Bd6 5. c4 Nf6 6. Nc3 dxc4 7. Bxc4 O-O 8. O-O h6 9. h3 a6 10. Re1 Re8 11. Rxe8+ Qxe8 12. Be3 Nc6 13. Qd2 Ne4 14. Nxe4 Qxe4 15. Re1 Bb4 16. Qd1 Bxe1 17. Nxe1 Be6 18. Bd3 Qd5 19. b3 Rd8 20. Nf3 Nb4 21. Bc4 Qe4 22. Qd2 c5 23. a3 Bxc4 24. axb4 Bxb3 25. bxc5 Bd5 26. Ne1 Qb1 27. Kh2 Qb5 28. Nd3 a5 29. Nf4 a4 30. Qc3 Qb3 31. Qa5 Re8 32. Nxd5 Qxd5 33. Qxa4 Re6 34. Qa8+ Kh7 35. Qc8 Rg6 36. g3 Qf3 37. Qe8 Ra6 0-1


[Site "https://www.chess.com"]

[Event "Titled Tuesday Blitz April 25 Early 2023"]
[White "Janaszak, Dawid"]
[Black "Durarbayli, Vasif"]
[WhiteFideId "1119206"]
[BlackFideId "13402935"]
[WhiteElo "2220"]
[BlackElo "2551"]
[Result "0-1"]
[Round "06"]
[TimeControl "180+2"]
[Date "2023.04.25"]
[WhiteClock "0:00:14"]
[BlackClock "0:00:50"]

1. e4 e5 2. Nf3 Nc6 3. d4 exd4 4. Nxd4 Bc5 5. Nb3 Bb6 6. Nc3 Nf6 7. Bg5 O-O 8. Qe2 Nd4 9. Qd3 Nxb3 10. axb3 c6 11. O-O-O h6 12. Bh4 g5 13. Bg3 d5 14. exd5 Nxd5 15. Nxd5 Qxd5 16. Qxd5 cxd5 17. Rxd5 Be6 18. Rd2 Rac8 19. h4 g4 20. Kb1 Rfd8 21. Rxd8+ Rxd8 22. Bc4 Bf5 23. Bf4 Bxf2 24. Bxh6 Be4 25. Bg5 Bxg2 26. Rh2 Rd1+ 27. Ka2 Rg1 28. Bf4 g3 29. Rxg2 Rxg2 30. Bd5 Rh2 31. Bxb7 Rxh4 32. Bg5 Rg4 0-1


[Site "https://www.chess.com"]

[Event "Titled Tuesday Blitz April 25 Early 2023"]
[White "Juhasz, Agoston"]
[Black "demon64fields"]
[WhiteFideId "778346"]
[WhiteElo "2211"]
[BlackElo "2868"]
[Result "1-0"]
[Round "06"]
[TimeControl "180+2"]
[Date "2023.04.25"]
[WhiteClock "0:00:41"]
[BlackClock "0:01:41"]

1. Nc3 d5 2. d4 Nf6 3. Bf4 Bf5 4. e3 e6 5. f3 Bb4 6. Ne2 Nbd7 7. g4 Bg6 8. h4 h5 9. g5 Ng8 10. Bg3 Ne7 11. Nf4 c6 12. Bd3 Bxd3 13. Qxd3 g6 14. O-O-O Qa5 15. Kb1 Bxc3 16. Qxc3 Qxc3 17. bxc3 a5 18. e4 Nb6 19. Nd3 Nc4 20. Ne5 Nxe5 21. Bxe5 O-O 22. a4 b5 23. Ka2 Rfc8 24. Rb1 b4 25. Bd6 Ra7 26. Bc5 Rca8 27. Bxa7 Rxa7 28. cxb4 axb4 29. Rxb4 c5 30. dxc5 Nc6 31. Ka3 Nxb4 32. Kxb4 Rb7+ 33. Ka5 Rb2 34. exd5 exd5 35. c6 Kf8 36. Rd1 Rxc2 37. Kb6 Rb2+ 38. Kc7 Ra2 39. Rxd5 Rxa4 40. Kd7 1-0


[Site "https://www.chess.com"]

[Event "Titled Tuesday Blitz April 25 Early 2023"]
[White "Grigorov, Grigor"]
[Black "Sliwicka, Alicja"]
[WhiteFideId "2907313"]
[BlackFideId "1150677"]
[WhiteElo "2510"]
[BlackElo "2206"]
[Result "1-0"]
[Round "06"]
[TimeControl "180+2"]
[Date "2023.04.25"]
[WhiteClock "0:00:21"]
[BlackClock "0:00:06"]

1. d4 Nf6 2. Nf3 d5 3. c4 e6 4. g3 Be7 5. Bg2 O-O 6. O-O b6 7. cxd5 exd5 8. Nc3 Bf5 9. Ne5 c6 10. Bf4 h6 11. Rc1 b5 12. Qb3 Qb6 13. Rfd1 Nbd7 14. Nxc6 Qxc6 15. Nxd5 Qe6 16. Nxe7+ Qxe7 17. Bxa8 Rxa8 18. Qxb5 Be4 19. f3 Bg6 20. e4 h5 21. h4 Nf8 22. d5 N6d7 23. Qb7 Re8 24. Qxa7 f5 25. e5 Nxe5 26. Qxe7 Rxe7 27. Kf2 Nfd7 28. Rc7 Re8 29. Rd2 Bf7 30. b3 Ra8 31. Kg2 Rb8 32. Rxd7 Nxd7 33. Bxb8 Nxb8 34. Kf2 Kf8 35. Ke3 Ke7 36. Kd4 Kd6 37. f4 Bxd5 38. Rc2 Nc6+ 39. Ke3 Nb4 40. Rd2 Kc5 41. a3 Nc6 42. b4+ Kd6 43. Rc2 Na7 44. Rc5 Nc6 45. Rb5 g6 46. Rb7 Ne7 47. Rb6+ Nc6 48. b5 Kc7 49. Rxc6+ Bxc6 50. bxc6 Kxc6 51. Kd4 Kd6 52. a4 Kc6 53. Ke5 Kb6 54. Kf6 Ka5 55. Kxg6 Kxa4 56. Kxf5 1-0


[Site "https://www.chess.com"]

[Event "Titled Tuesday Blitz April 25 Early 2023"]
[White "Bacrot, Etienne"]
[Black "Isajevsky, Anton"]
[WhiteFideId "605506"]
[BlackFideId "4142500"]
[WhiteElo "2663"]
[BlackElo "2510"]
[Result "1-0"]
[Round "06"]
[TimeControl "180+2"]
[Date "2023.04.25"]
[WhiteClock "0:00:08"]
[BlackClock "0:00:02"]

1. d4 d5 2. Nf3 Nf6 3. c4 e6 4. e3 Be7 5. Nc3 O-O 6. b3 b6 7. Bb2 Bb7 8. Bd3 Nbd7 9. O-O c5 10. Qe2 Rc8 11. Rad1 cxd4 12. exd4 Re8 13. Rfe1 Qc7 14. Ne5 Bb4 15. f4 dxc4 16. bxc4 a6 17. Rc1 Qd6 18. Kh1 Nf8 19. Red1 Red8 20. Na4 b5 21. c5 Qe7 22. Nb6 Rc7 23. a4 bxa4 24. Bxa6 Ng6 25. Bxb7 Rxb7 26. Nc6 Qf8 27. Nxd8 Qxd8 28. Qf3 Rb8 29. Rb1 Ba5 30. Ba3 h5 31. Nc4 Rxb1 32. Rxb1 Nd5 33. f5 Nh4 34. Qg3 Nxf5 35. Qb8 Kh7 36. Qxd8 Bxd8 37. Bb2 Bc7 38. Ra1 1-0


[Site "https://www.chess.com"]

[Event "Titled Tuesday Blitz April 25 Early 2023"]
[White "Beerdsen, Thomas"]
[Black "Lund, Gunnar"]
[WhiteFideId "1030108"]
[BlackFideId "1520814"]
[WhiteElo "2547"]
[BlackElo "2233"]
[Result "1-0"]
[Round "06"]
[TimeControl "180+2"]
[Date "2023.04.25"]
[WhiteClock "0:01:09"]
[BlackClock "0:00:07"]

1. a4 e5 2. Ra3 d5 3. Rg3 Nf6 4. b3 Nc6 5. Bb2 Bf5 6. e3 a6 7. Nf3 Ne4 8. Nxe5 Nxe5 9. Bxe5 Nxg3 10. hxg3 f6 11. Bb2 Qd7 12. Nc3 O-O-O 13. Qf3 Kb8 14. Rh4 Bxc2 15. b4 Be4 16. Qd1 Bxb4 17. Qb3 Qd6 18. Be2 g5 19. Rh6 Bg6 20. Bf3 c6 21. Ne2 Rhe8 22. Kf1 Ka8 23. g4 Bxd2 24. Nd4 Bb4 25. Nf5 Qf8 26. Rh3 Bd6 27. Be2 h5 28. Nd4 hxg4 29. Bxg4 c5 30. Ne6 Rxe6 31. Bxe6 c4 32. Qb6 Bc5 33. Qa5 Bb4 34. Qb6 Bc5 35. Qa5 Qd6 36. Bxf6 Re8 37. Rh8 Rxh8 38. Bxh8 Bxe3 39. Bxd5 Bd3+ 40. Kg1 Bb6 41. Qxa6+ Kb8 42. Qxb7# 1-0


[Site "https://www.chess.com"]

[Event "Titled Tuesday Blitz April 25 Early 2023"]
[White "Ferenc83"]
[Black "Molina, Roberto Junio Brito"]
[BlackFideId "2109450"]
[WhiteElo "2588"]
[BlackElo "2376"]
[Result "0-1"]
[Round "06"]
[TimeControl "180+2"]
[Date "2023.04.25"]
[WhiteClock "0:00:01"]
[BlackClock "0:00:08"]

1. e4 c6 2. Nf3 d5 3. d3 Bg4 4. Nbd2 e6 5. h3 Bh5 6. Qe2 Nf6 7. g4 Bg6 8. Bg2 Nbd7 9. e5 Ng8 10. Nf1 h5 11. Ng3 hxg4 12. hxg4 Rxh1+ 13. Bxh1 Ne7 14. Bd2 c5 15. O-O-O Nc6 16. Nh5 Bxh5 17. gxh5 Qc7 18. Bf4 O-O-O 19. Kb1 Be7 20. Bg3 Rh8 21. Nh2 Ndxe5 22. Re1 Bd6 23. Qd1 Nd7 24. Rg1 Bxg3 25. Rxg3 Qe5 26. Bf3 Nd4 27. c3 Nxf3 28. Nxf3 Qf6 29. Ng5 Ne5 30. a3 Qf5 31. Ka2 a6 32. d4 cxd4 33. Qxd4 f6 34. Qc5+ Kb8 35. Qd6+ Ka8 36. Nxe6 Nc4 37. Nc7+ Kb8 38. Qxd5 Qxd5 39. Nxd5 Rxh5 40. Nf4 Rf5 41. Nd3 g5 42. Kb3 Nd2+ 43. Kc2 Ne4 44. Re3 Nxf2 45. Nb4 g4 46. c4 Kc7 47. Nd5+ Kd6 48. b4 Re5 49. Rg3 f5 50. Kb3 Ne4 0-1


[Site "https://www.chess.com"]

[Event "Titled Tuesday Blitz April 25 Early 2023"]
[White "Vakhlamov, Igor L."]
[Black "Yelisieiev, Yevhenii"]
[WhiteFideId "24126748"]
[BlackFideId "14139642"]
[WhiteElo "2400"]
[BlackElo "2425"]
[Result "1-0"]
[Round "06"]
[TimeControl "180+2"]
[Date "2023.04.25"]
[WhiteClock "0:02:26"]
[BlackClock "0:02:18"]

1. e4 d6 2. d4 Nf6 3. Nc3 e5 4. dxe5 dxe5 5. Qxd8+ Kxd8 6. Bg5 c6 7. Nf3 Nd7 8. O-O-O Ke8 9. Bh4 Bc5 10. Bc4 b5 11. Bb3 a5 12. a4 b4 13. Nb1 Nxe4 14. Nxe5 Nxe5 15. Rd8# 1-0


[Site "https://www.chess.com"]

[Event "Titled Tuesday Blitz April 25 Early 2023"]
[White "Rozen, Eytan"]
[Black "Bartel, Michal"]
[WhiteFideId "2816750"]
[BlackFideId "1119257"]
[WhiteElo "2451"]
[BlackElo "2282"]
[Result "1-0"]
[Round "06"]
[TimeControl "180+2"]
[Date "2023.04.25"]
[WhiteClock "0:00:36"]
[BlackClock "0:00:15"]

1. b3 d5 2. Bb2 Bg4 3. Nf3 Nd7 4. e3 e5 5. c4 e4 6. h3 Bh5 7. g4 Bg6 8. Nd4 Ne5 9. cxd5 Qxd5 10. Nc3 Qd7 11. Be2 Bc5 12. O-O Rd8 13. b4 Bxb4 14. Qb3 Bc5 15. Qxb7 Ne7 16. Nxe4 Bb6 17. Ng3 Nd3 18. Ba3 O-O 19. Bxe7 Qxe7 20. Nc6 Qh4 21. Nxd8 Rxd8 22. Qg2 h6 23. a4 a5 24. Ra3 Nb4 25. d4 Nd5 26. Bc4 Nf6 27. Nf5 Bxf5 28. gxf5 Qh5 29. Rb3 Qxf5 30. Rb5 Qc2 31. Bb3 Qe2 32. Rc1 Re8 33. Rf5 Kh8 34. Bxf7 Rxe3 35. Rxf6 Bxd4 36. Qa8+ Kh7 37. Qg8# 1-0


[Site "https://www.chess.com"]

[Event "Titled Tuesday Blitz April 25 Early 2023"]
[White "Asavasaetakul, Chawit"]
[Black "Bacallao Alonso, Yusnel"]
[WhiteFideId "6204856"]
[BlackFideId "3507416"]
[WhiteElo "1919"]
[BlackElo "2561"]
[Result "0-1"]
[Round "06"]
[TimeControl "180+2"]
[Date "2023.04.25"]
[WhiteClock "0:00:15"]
[BlackClock "0:00:14"]

1. e4 c6 2. d4 d5 3. Nd2 dxe4 4. Nxe4 Bf5 5. Ng3 Bg6 6. Nf3 e6 7. h4 h6 8. Ne5 Bh7 9. Bc4 Nd7 10. f4 Ngf6 11. c3 Bd6 12. Qf3 O-O 13. Be3 Qc7 14. O-O b5 15. Bb3 c5 16. Rac1 Rac8 17. a3 Nb6 18. dxc5 Bxc5 19. Bxc5 Qxc5+ 20. Kh1 Nc4 21. Bxc4 bxc4 22. Rce1 Rcd8 23. f5 Rd5 24. Qf4 exf5 25. Nxc4 Ne4 26. Ne3 Nxg3+ 27. Qxg3 Re5 28. b4 Qxc3 29. Nxf5 Qxg3 30. Nxg3 Rfe8 31. Rxe5 Rxe5 32. Rf3 Bg6 33. Rc3 h5 34. Kg1 a5 35. bxa5 Rxa5 36. Ne2 Ra4 37. g3 Bf5 38. Kf2 Bg4 39. Nf4 Rd4 40. Rc2 f6 41. Ra2 Ra4 42. Nd3 g5 43. Nc5 Rc4 44. Nd3 gxh4 45. gxh4 Be6 46. Ra1 Rxh4 47. a4 Bf5 48. Nc5 Rc4 49. Nb7 h4 50. Nd6 Rc2+ 51. Kf3 Be6 52. a5 h3 53. Ne4 Bd5 54. Ke3 Kf7 55. a6 h2 56. Nf2 Rxf2 57. Kxf2 h1=Q 58. Rxh1 Bxh1 59. Kg1 Ba8 60. Kf2 Ke6 61. Ke3 Ke5 62. Kf2 f5 63. Ke2 f4 64. Kf2 Kf5 65. Ke2 Kg5 66. Kf2 Kg4 67. a7 f3 68. Kg1 Kf4 69. Kf1 Kg3 70. Kg1 Bb7 71. Kf1 Ba6+ 72. Ke1 f2+ 73. Kd2 Bb7 74. Ke2 Kg2 75. a8=Q f1=Q+ 76. Kd2 Bxa8 0-1


[Site "https://www.chess.com"]

[Event "Titled Tuesday Blitz April 25 Early 2023"]
[White "Ashraf, Artin"]
[Black "Martic, Ivan"]
[WhiteFideId "22514805"]
[BlackFideId "929301"]
[WhiteElo "2188"]
[BlackElo "2360"]
[Result "1-0"]
[Round "06"]
[TimeControl "180+2"]
[Date "2023.04.25"]
[WhiteClock "0:00:31"]
[BlackClock "0:01:18"]

1. c4 c6 2. Nf3 d5 3. e3 Nf6 4. Nc3 e6 5. d4 Nbd7 6. Bd3 Bd6 7. e4 dxc4 8. Bxc4 Bb4 9. O-O O-O 10. Qe2 b6 11. a3 Be7 12. Bf4 Bb7 13. Rad1 Re8 14. Ne5 Nxe5 15. dxe5 Nd7 16. Qg4 Qc7 17. Bxe6 Nxe5 18. Qf5 Bd6 19. Rxd6 Qxd6 20. Bxf7+ Kh8 21. Bxe8 Rxe8 22. Rd1 Qc5 23. Bxe5 Rf8 24. Bxg7+ Kxg7 25. Rd7+ 1-0


[Site "https://www.chess.com"]

[Event "Titled Tuesday Blitz April 25 Early 2023"]
[White "Weishaeutel, Moritz"]
[Black "Omranalhosani21"]
[WhiteFideId "12967300"]
[WhiteElo "2301"]
[BlackElo "2753"]
[Result "1-0"]
[Round "06"]
[TimeControl "180+2"]
[Date "2023.04.25"]
[WhiteClock "0:00:22"]
[BlackClock "0:00:02"]

1. e4 c5 2. b4 cxb4 3. a3 bxa3 4. d4 d5 5. exd5 Qxd5 6. Nxa3 Nc6 7. Nb5 Qd8 8. Bf4 e5 9. dxe5 Bf5 10. Nd6+ Bxd6 11. exd6 Nf6 12. Qe2+ Be6 13. Qd2 O-O 14. Bd3 a5 15. Ne2 a4 16. O-O Qa5 17. c3 a3 18. Bg5 Nd7 19. Rfb1 h6 20. Bxh6 Qe5 21. Bf4 Qh5 22. Rxb7 Nc5 23. Rc7 Qd5 24. Bc2 Qxd2 25. Bxd2 Ra6 26. Nd4 Nxd4 27. cxd4 Nd7 28. d5 Rxd6 29. dxe6 fxe6 30. Bb4 Rd4 31. Bxf8 Nxf8 32. Rxa3 Rd2 33. g3 1-0


[Site "https://www.chess.com"]

[Event "Titled Tuesday Blitz April 25 Early 2023"]
[White "Al-Tarboush, Ward"]
[Black "Liu, Xiangyi"]
[WhiteFideId "7601450"]
[BlackFideId "8605718"]
[WhiteElo "2265"]
[BlackElo "2323"]
[Result "0-1"]
[Round "06"]
[TimeControl "180+2"]
[Date "2023.04.25"]
[WhiteClock "0:00:06"]
[BlackClock "0:00:07"]

1. e4 e6 2. Nc3 d5 3. Nf3 d4 4. Ne2 c5 5. c3 Nc6 6. b4 d3 7. Nf4 c4 8. b5 Na5 9. Qa4 Bd7 10. Ne5 a6 11. Nxd7 axb5 12. Qxb5 Qxd7 13. Qxd7+ Kxd7 14. Rb1 Nf6 15. e5 Ng4 16. g3 Nxe5 17. Bg2 Kc7 18. O-O Bd6 19. Nh5 g6 20. Nf6 Be7 21. f4 Nec6 22. Ne4 h6 23. Re1 Rhe8 24. Rb5 b6 25. Nf2 Nb7 26. Ng4 Bc5+ 27. Kh1 Nd6 28. Rb1 Rxa2 29. Nxh6 Rh8 30. Ng4 Nf5 31. Bxc6 Nxg3+ 32. Kg2 Ne2 33. Bb5 Nxc3 34. Bxc4 Ra4 35. Bxd3 Nxb1 36. Bxb1 Rxf4 37. h3 Rd8 38. d3 Rb4 39. Bg5 Rd5 40. h4 Rxg4+ 41. Kf3 Rgxg5 42. hxg5 Rxg5 43. Ke4 Rd5 44. Rf1 f5+ 45. Kf4 Be7 46. Rc1+ Kd6 47. Kf3 g5 48. Bc2 Rc5 49. d4 Rc3+ 50. Ke2 Bf6 51. Kd2 Bxd4 52. Rd1 Rc5 53. Kd3 Be5 54. Ba4 Ke7 55. Rh1 Rc3+ 56. Kd2 Ra3 57. Rh7+ Kf6 58. Be8 g4 59. Rf7+ Kg5 60. Re7 Ra2+ 61. Kd3 g3 62. Rxe6 Bf6 63. Re1 g2 64. Bc6 Kf4 65. Bd5 Rf2 66. Rg1 Kg3 67. Ke3 Bg5+ 68. Kd3 f4 69. Ra1 f3 70. Ke4 Rf1 71. Ra3 g1=Q 72. Ke5 Qe3+ 73. Kd6 Qxa3+ 0-1


[Site "https://www.chess.com"]

[Event "Titled Tuesday Blitz April 25 Early 2023"]
[White "Leenhouts, Koen"]
[Black "Bryakin, Mikhail"]
[WhiteFideId "1008439"]
[BlackFideId "4165314"]
[WhiteElo "2409"]
[BlackElo "2447"]
[Result "0-1"]
[Round "06"]
[TimeControl "180+2"]
[Date "2023.04.25"]
[WhiteClock "0:00:02"]
[BlackClock "0:00:09"]

1. d4 e6 2. c4 Bb4+ 3. Bd2 Qe7 4. g3 Bxd2+ 5. Qxd2 d6 6. Bg2 e5 7. Nc3 Nf6 8. e3 O-O 9. Nge2 c6 10. O-O Bg4 11. h3 Bxe2 12. Nxe2 Nbd7 13. Rfd1 e4 14. b4 d5 15. c5 a6 16. a4 g5 17. b5 axb5 18. axb5 h6 19. Nc3 Kg7 20. b6 Rfb8 21. Ra2 h5 22. Rda1 Rxa2 23. Rxa2 h4 24. g4 Ng8 25. Ra7 f5 26. gxf5 Nh6 27. Qe2 Nxf5 28. Qg4 Kf6 29. Qh5 Qf7 30. Qxf7+ Kxf7 31. Bf1 Ke6 32. Be2 Nf6 33. Na2 Ne7 34. Nb4 Nc8 35. Ra1 Ne7 36. Kg2 Nc8 37. f3 exf3+ 38. Bxf3 Ne7 39. Ra7 Nc8 40. Ra2 Ne7 41. Re2 Ra8 42. e4 dxe4 43. Bxe4 Nxe4 44. Rxe4+ Kf6 45. Re2 Ra4 46. Rf2+ Ke6 47. Re2+ Kf6 48. Rb2 Kf5 49. d5 cxd5 50. c6 Ra8 51. c7 Ke6 52. Rc2 Kd6 53. Rf2 Nc8 54. Nd3 Nxb6 55. Rf6+ Kxc7 56. Rf7+ Kc6 57. Rg7 Ra3 58. Ne5+ Kd6 59. Rxg5 Nc4 60. Nf3 b5 61. Rg6+ Kc5 62. Nxh4 b4 63. Rg8 b3 64. Rb8 b2 65. Nf3 Ra1 66. Rc8+ Kd6 67. Rb8 b1=Q 0-1


[Site "https://www.chess.com"]

[Event "Titled Tuesday Blitz April 25 Early 2023"]
[White "Gunina, Valentina"]
[Black "MKlose11"]
[WhiteFideId "4167570"]
[WhiteElo "2352"]
[BlackElo "2541"]
[Result "1-0"]
[Round "06"]
[TimeControl "180+2"]
[Date "2023.04.25"]
[WhiteClock "0:00:59"]
[BlackClock "0:00:10"]

1. d4 Nf6 2. c4 c5 3. d5 b5 4. cxb5 a6 5. e3 g6 6. Nc3 Bg7 7. bxa6 O-O 8. Bc4 d6 9. Nge2 Bxa6 10. Bxa6 Nxa6 11. O-O Qb6 12. e4 Nc7 13. a4 Rfb8 14. Rb1 Nd7 15. b3 Ne5 16. Bg5 Kf8 17. Qd2 Qb4 18. h3 Rb7 19. f4 Nd7 20. f5 Ne5 21. f6 exf6 22. Bxf6 Bxf6 23. Rxf6 Kg7 24. Rf2 Qa3 25. Qf4 c4 26. Nd4 cxb3 27. Ndb5 Nxb5 28. Nxb5 Qc5 29. Qf6+ Kg8 30. Rxb3 Rxa4 31. Nxd6 Rxb3 32. Qd8+ Kg7 33. Ne8+ Kf8 34. Nf6+ Kg7 35. Qg8+ Kh6 36. Qxh7+ Kg5 37. h4# 1-0


[Site "https://www.chess.com"]

[Event "Titled Tuesday Blitz April 25 Early 2023"]
[White "Ronka, Erik"]
[Black "Szpar, Milosz"]
[WhiteFideId "505080"]
[BlackFideId "1184989"]
[WhiteElo "2264"]
[BlackElo "2436"]
[Result "0-1"]
[Round "06"]
[TimeControl "180+2"]
[Date "2023.04.25"]
[WhiteClock "0:00:10"]
[BlackClock "0:00:09"]

1. e4 e6 2. d4 d5 3. Nc3 Nf6 4. e5 Nfd7 5. f4 c5 6. Nf3 Nc6 7. Be3 Be7 8. Qd2 O-O 9. dxc5 Qa5 10. a3 Nxc5 11. Rd1 Qc7 12. Qf2 b6 13. Bd3 f6 14. exf6 Bxf6 15. O-O Bxc3 16. bxc3 Nxd3 17. cxd3 Bd7 18. Qh4 h6 19. Nd4 Qd8 20. Qg3 Ne7 21. f5 Nxf5 22. Nxf5 exf5 23. Bxh6 Qf6 24. Bf4 Rfe8 25. d4 Re4 26. Be5 Qf7 27. h3 Kh7 28. Rf4 Re8 29. Rdf1 Kg8 30. Rxf5 Bxf5 31. Rxf5 Qd7 32. Bxg7 Qxf5 33. Be5+ Kf7 34. Qg7+ Ke6 35. h4 Re1+ 36. Kh2 Rxe5 37. Qc7 Qf4+ 38. Kh3 Re3+ 0-1


[Site "https://www.chess.com"]